 Dungeon Crawl Stone Soup version 0.24.0-10-g970556be89 (webtiles) character file.

Game seed: 3300516093397245751, levelgen mode: deterministic

39 LostNumber the Vandal (level 3, 0/25 HPs)
             Began as an Octopode Hunter on Nov 3, 2019.
             Succumbed to an adder's poison
             ... on level 2 of the Dungeon.
             The game lasted 00:01:54 (1073 turns).

LostNumber the Vandal (Octopode Hunter)             Turns: 1073, Time: 00:01:55

Health: 0/25       AC:  1    Str:  8 (11) XL:     3   Next: 45%
Magic:  3/3        EV: 13    Int: 12 (13) God:
Gold:   34         SH:  0    Dex: 10 (13) Spells: 2/2 levels left

rFire    + . .     SeeInvis .   b - +1 dagger (holy)
rCold    + . .     Gourm    .   (no shield)
rNeg     . . .     Faith    .   (helmet restricted)
rPois    +         Spirit   .   (no amulet)
rElec    +         Reflect  .   h - ring of resist corrosion
rCorr    +         Harm     .   (no ring)
MR       .....                  (no ring)
Stlth    +++.......             (no ring)
HPRegen  0.08/turn              (no ring)
MPRegen  0.08/turn              (no ring)
                                (no ring)
                                (no ring)

@: lethally poisoned (0 -> -9), resistant
A: almost no armour, stealthy swim, amphibious, 8 rings, constrict 8, camouflage
1, gelatinous body 1
a: no special abilities


You were on level 2 of the Dungeon.
You were not hungry.

You visited 1 branch of the dungeon, and saw 2 of its levels.

You collected 34 gold pieces.

Inventory:

Hand Weapons
 a - a +1 hunting sling
 b - a +1 dagger of holy wrath (weapon)
   (You found it on level 2 of the Dungeon)
 l - a +0 short sword
Missiles
 c - 12 sling bullets
Jewellery
 h - a ring of resist corrosion (left tentacle)
   (You found it on level 1 of the Dungeon)
Scrolls
 d - a scroll of identify {unknown}
 f - a scroll of immolation {unknown}
 i - a scroll of enchant armour {unknown}
 k - a scroll of noise {unknown}
 n - 2 scrolls of teleportation {unknown}
Comestibles
 e - 2 rations {!d}


   Skills:
 + Level 2.4 Fighting
 + Level 1.2 Short Blades
 + Level 4.3 Slings
 - Level 2.0 Dodging
 + Level 2.6 Stealth


You had 2 spell levels left.
You didn't know any spells.
Your spell library was empty.

Dungeon Overview and Level Annotations

Branches:
Dungeon (2/15)

Altars:


Innate Abilities, Weirdness & Mutations

You cannot wear most types of armour.
You are very stealthy in the water. (Stealth+)
You are amphibious.
You can wear up to eight rings at the same time.
You can use your tentacles to constrict eight enemies at once.
Your skin changes colour to match your surroundings (Stealth+).
Your rubbery body absorbs attacks. (AC +1, EV +1)


Message History

The adder closely misses you.
You hit the adder but do no damage. You grab the adder.
You constrict the adder. The adder barely misses you.
You hit the adder. You constrict the adder.
You feel sick. The adder completely misses you. The adder bites you.
You are more poisoned.
The adder poisons you!
You hit the adder. Your squeeze misses the adder. You constrict the adder.
The adder bites you.
* * * LOW HITPOINT WARNING * * *
You are more poisoned.
The adder poisons you!
You hit the adder but do no damage. Your squeeze misses the adder.
You constrict the adder.
You kill the adder!
* * * LOW HITPOINT WARNING * * *
You feel sick.
* * * LOW HITPOINT WARNING * * *
You feel sick.
Things that are here:
13 gold pieces; a rat corpse
There is a lethal amount of poison in your body!
It was a potion of resistance.
You feel protected.
* * * LOW HITPOINT WARNING * * *
You feel sick.
It was a potion of degeneration.
There was something very wrong with that liquid.
You feel weakened.
You feel dopey.
You feel clumsy.
* * * LOW HITPOINT WARNING * * *
You feel sick.
There is a lethal amount of poison in your body!
There is a lethal amount of poison in your body!
There is a lethal amount of poison in your body!
Unknown command.
* * * LOW HITPOINT WARNING * * *
You feel sick.
* * * LOW HITPOINT WARNING * * *
You feel sick.
* * * LOW HITPOINT WARNING * * *
You feel sick.
A ball python comes into view.
* * * LOW HITPOINT WARNING * * *
You feel sick.
The ball python hisses angrily.
* * * LOW HITPOINT WARNING * * *
You feel sick.
Found a stone staircase leading up.
Unknown command.
You die...

.##.... ##########...#.
....................###
........<.#########..# #
........ #..##8 #.#.....
########...##
#.#....####..........##
........)...####.....##
..#.#...##### #.....#8
#.S.@.# #.....##
.#####....########.....#
.....#...)#.....##.>...##
#.(....()....##.......
####.........##.......
#..##)....##.......
..#######..#
.....#########
..(((((($).# .....#
......###..# .....#


You could see a ball python.

Vanquished Creatures
  An adder (D:2)
  A worm (D:2)
  3 leopard geckos
  A bat (D:1)
  3 giant cockroaches
  4 goblins (D:2)
  3 hobgoblins
  A frilled lizard (D:1)
  A kobold (D:1)
  4 rats
22 creatures vanquished.

Notes
Turn   | Place    | Note
-------+----------+-------------------------------------------
     0 | D:1      | LostNumber the Octopode Hunter began the quest for the Orb.
     0 | D:1      | Reached XP level 1. HP: 14/14 MP: 1/1
   318 | D:1      | Reached XP level 2. HP: 19/19 MP: 2/2
   788 | D:2      | Reached skill level 1 in Short Blades
   798 | D:2      | Reached XP level 3. HP: 14/25 MP: 3/3
  1071 | D:2      | HP: 1/25 [poisoned by an adder]
  1073 | D:2      | Succumbed to an adder's poison

Levels and vault maps discovered:
D:1:      lightli_arrival_flooded_house, layout_basic
D:2:      layout_rooms, vehumet_crystals, serial_corexii_hall,
          chequers_hall_statues_y, corexii_hall_statues_u, first_ration

Skill      XL: |  1  2 |
---------------+-------+-----
Stealth        | 2 |  2.6
Short Blades   | 1 |  1.2
Fighting       | |  2.4
Slings         | |  4.3
Dodging        | |  2.0

Action                   || total
-------------------------++-------
Melee: Short sword       ||    14
       Constrict         ||    10
       Tentacles         ||     7
       Dagger            ||    33
 Fire: Hunting sling     ||    10
  Use: Potion            ||     2
 Stab: Sleeping          ||     4
Armor: Skin              ||     1
Dodge: Dodged            ||    19
